 Dungeon Crawl Stone Soup version 0.29-a0-919-gd064cfad1c (webtiles) character file.

Game seed: 15825602825421144959

1463 ragingrage the Firebug (level 8, -15/79 HPs)
             Began as an Ogre Fire Elementalist on July 26, 2022.
             Was a Follower of Vehumet.
             Demolished by Edmund
             ... wielding a +6 flail of protection
              (17 damage)
             ... on level 6 of the Dungeon.
             The game lasted 00:10:51 (8439 turns).

ragingrage the Firebug (Ogre Fire Elementalist)     Turns: 8439, Time: 00:10:52

Health: -15/79     AC:  3    Str: 13    XL:     8   Next: 77%
Magic:  13/15      EV:  9    Int: 18    God:    Vehumet [*.....]
Gold:   139        SH:  0    Dex:  9    Spells: 6/17 levels left

rFire   + . .      SeeInvis +   x - +1 spear (venom)
rCold   + + .      Faith    .   (no shield)
rNeg    . . .      Spirit   .   a - +0 robe
rPois   .          Reflect  .   (helmet restricted)
rElec   .          Harm     .   t - scarf {rC+ rF+}
rCorr   .          Rampage  .   (gloves unavailable)
Will    .....                   (boots unavailable)
Stlth   +.........              (no amulet)
HPRegen 0.23/turn               g - ring of see invisible
MPRegen 0.14/turn               p - ring of protection from cold

@: no status effects
A: large, unfitting armour, tough skin 1
a: Renounce Religion


You were on level 6 of the Dungeon.
You worshipped Vehumet.
Vehumet was aware of your devotion.
You visited 2 branches of the dungeon, and saw 7 of its levels.
You also visited: Sewer.

You collected 331 gold pieces.
You spent 192 gold pieces at shops.

Inventory:

Hand Weapons
 w - a +1 short sword of venom
 x - a +1 spear of venom (weapon)
 z - a +2 hand axe of draining
 A - a +1 vorpal battleaxe
Missiles
 s - 2 poisoned darts
Armour
 a - a +0 robe (worn)
 t - a scarf of resistance (worn)
Jewellery
 g - a ring of see invisible (left hand)
 j - an amulet of faith
 p - a ring of protection from cold (right hand)
 y - an amulet of guardian spirit
Scrolls
 c - a scroll of immolation {unknown}
 d - a scroll of noise {unknown}
 e - 6 scrolls of teleportation
 f - 3 scrolls of blinking
 h - a scroll of fear {unknown}
 k - a scroll of fog {unknown}
 l - a scroll of brand weapon {unknown}
 n - a scroll of enchant armour {unknown}
 q - a scroll of amnesia {unknown}
 r - a scroll of identify
 u - 2 scrolls of enchant weapon
Potions
 i - 3 potions of curing
 o - a potion of ambrosia {unknown}
 v - 2 potions of mutation
 B - a potion of lignification {unknown}
 C - a potion of might


   Skills:
 + Level 4.3 Fighting
 - Level 1.7 Dodging
 - Level 1.4 Stealth
 - Level 5.0 Spellcasting
 + Level 5.9 Conjurations
 - Level 2.0 Translocations
 + Level 5.9 Fire Magic


You had 6 spell levels left.
You knew the following spells:

 Your Spells              Type           Power      Damage    Failure   Level
a - Foxfire               Conj/Fire      100%       2x1d9     1%          1
b - Scorch                Fire           52%        2d7       1%          2
c - Blink                 Tloc           22%        N/A       9%          2
d - Mephitic Cloud        Conj/Pois/Air  11%        N/A       19%         3
e - Conjure Flame         Conj/Fire      26%        6-21      3%          3

Your spell library contained the following spells:

 Spells                   Type           Power      Damage    Failure   Level
 Shock                    Conj/Air       60%        1d6       4%          1
 Magic Dart               Conj           100%       1d8       1%          1
 Inner Flame              Hex/Fire       15%        N/A       12%         3
 Flame Wave               Conj/Fire      26%        2d8       12%         4
 Lesser Beckoning         Tloc           11%        N/A       17%         3
 Call Imp                 Summ           4%         N/A       21%         2
 Tukima's Dance           Hex            4%         N/A       36%         3
 Passage of Golubria      Tloc           11%        N/A       50%         4
 Manifold Assault         Tloc           11%        N/A       85%         5
 Yara's Violent Unravell  Hex/Tmut       2%         3d3       98%         5
 Malign Gateway           Summ/Tloc      4%         N/A       100%        7
 Summon Horrible Things   Summ           2%         N/A       100%        8


Dungeon Overview and Level Annotations

Branches:
Dungeon (6/15)             Temple (1/1) D:5           Sewer (visited)

Altars:
Ashenzari
Gozag
Hepliaklqana
Makhleb
Okawaru
Qazlal
Trog
Vehumet
Wu Jian
Yredelemnul
The Shining One

Shops:
D:2 :   D:4 [*(!   D:6 [(

Annotations:
D:3 1 exclusion
D:6 Edmund


Innate Abilities, Weirdness & Mutations

You are too large for most types of armour.
You have tough skin. (AC +1)


Message History

Casting: Scorch (safe; 1% risk of failure)
Confirm with . or Enter, or press ? or * to list all spells.
Flames lash Edmund.
Edmund is burned terribly!
Edmund is lightly wounded.
Edmund hits you with a +6 flail of protection!
Casting: Scorch (safe; 1% risk of failure)
Confirm with . or Enter, or press ? or * to list all spells.
Flames lash Edmund.
Edmund is burned terribly!
Edmund is moderately wounded.
Edmund hits you with a +6 flail of protection!
Casting: Scorch (safe; 1% risk of failure)
Confirm with . or Enter, or press ? or * to list all spells.
Flames lash Edmund.
Edmund is burned terribly!
Edmund is heavily wounded.
Edmund drinks a potion.
Edmund seems to grow stronger.
Casting: Scorch (safe; 1% risk of failure)
Confirm with . or Enter, or press ? or * to list all spells.
Flames lash Edmund.
Edmund is burned terribly!
Edmund is heavily wounded.
Edmund hits you with a +6 flail of protection!
Casting: Scorch (safe; 1% risk of failure)
Confirm with . or Enter, or press ? or * to list all spells.
Flames lash Edmund.
Edmund is burned terribly!
Edmund is severely wounded.
Edmund barely misses you.
Casting: Scorch (safe; 1% risk of failure)
Confirm with . or Enter, or press ? or * to list all spells.
Flames lash Edmund but do no damage.
Edmund hits you with a +6 flail of protection!!
* * * LOW HITPOINT WARNING * * *
Magic courses through your body.
Edmund hits you with a +6 flail of protection!
* * * LOW HITPOINT WARNING * * *
Unknown command.
Casting: Scorch (safe; 1% risk of failure)
Confirm with . or Enter, or press ? or * to list all spells.
Flames lash Edmund.
Edmund is burned terribly!
Edmund is almost dead.
Edmund hits you with a +6 flail of protection!
You die...

...............
..........##########.#..
..........' ....)).....
..........# #####ยง#....
#.........########.#....
.................. #.[..
#................# #....
#......@......... #....
#......@......... #....
#................ #.###
########......... #.#
#......... #.#
#......... #.#
#......... #.#
#......... #.#
#......... #.#
#......... #.#


You could see Edmund (strong, combustible).

Vanquished Creatures
  Pikel (D:5)
  An ice beast (D:5)
  An ogre (D:5)
  4 lemures
  2 bullfrogs (Sewer)
  2 howler monkeys
  4 hounds
  5 iguanas
  A jelly (D:5)
  3 orc wizards
  4 gnolls (D:5)
  8 adders
  A shadow imp (D:5)
  2 ufetubi
  3 dart slugs
  A fire bat (D:3)
  15 orcs
  A spectral bat (D:3)
  7 ball pythons
  2 bat skeletons (D:3)
  A bat zombie (D:3)
  6 endoplasms
  11 giant cockroaches
  5 goblins
  5 hobgoblins
  11 jackals
  5 kobolds
  6 quokkas
  6 bats
  A bat simulacrum (D:3)
  9 frilled lizards
  3 rats
137 creatures vanquished.

Vanquished Creatures (others)
  541 foxfires
541 creatures vanquished.

Grand Total: 678 creatures vanquished

Notes
Turn   | Place    | Note
-------+----------+-------------------------------------------
     0 | D:1      | ragingrage the Ogre Fire Elementalist began the quest for
                  | the Orb.
     0 | D:1      | Reached XP level 1. HP: 16/16 MP: 3/3
    22 | D:1      | You fall into a shaft and drop 1 floor!
    62 | D:2      | Reached skill level 1 in Conjurations
   546 | D:1      | Reached XP level 2. HP: 24/24 MP: 1/5
   767 | D:2      | Learned a level 2 spell: Scorch
   770 | D:2      | Learned a level 2 spell: Blink
   824 | D:2      | Found Uwnuos's Book Boutique.
   944 | D:2      | Found a faded altar of an unknown god.
  1233 | D:2      | Reached XP level 3. HP: 25/31 MP: 0/6
  1461 | D:2      | Reached skill level 1 in Translocations
  1998 | D:2      | Reached XP level 4. HP: 39/39 MP: 1/7
  3332 | D:3      | Found an opulent altar of Gozag.
  3816 | D:3      | Reached XP level 5. HP: 43/43 MP: 0/8
  4065 | D:4      | Found Diujecug's Antique Armour Shop.
  4166 | D:4      | Found Faapnox's Assorted Antiques.
  4441 | D:4      | Bought a runed scarf for 192 gold pieces
  4754 | D:4      | Reached XP level 6. HP: 53/53 MP: 4/10
  4850 | D:4      | Learned a level 3 spell: Mephitic Cloud
  4919 | D:4      | Found Mashruas's Antique Weapon Boutique.
  4940 | D:4      | Found Coumem's Distillery.
  5250 | D:5      | Entered Level 5 of the Dungeon
  5388 | D:5      | Noticed an ice beast
  5399 | D:5      | Killed an ice beast
  5541 | D:5      | Found a staircase to the Ecumenical Temple.
  5573 | Temple   | Entered the Ecumenical Temple
  5733 | Temple   | Became a worshipper of Vehumet
  5833 | D:5      | Reached XP level 7. HP: 59/59 MP: 6/13
  6035 | D:5      | Noticed Pikel
  6391 | D:5      | Learned a level 3 spell: Conjure Flame
  6571 | D:5      | Reached skill level 5 in Fire Magic
  6913 | D:5      | Killed Pikel
  6914 | D:5      | Reached skill level 5 in Spellcasting
  6914 | D:5      | Reached skill level 5 in Conjurations
  6914 | D:5      | Reached XP level 8. HP: 49/75 MP: 3/15
  7250 | D:6      | Found a glowing drain.
  7388 | Sewer    | Entered a sewer
  7607 | Sewer    | Reached * piety under Vehumet
  7607 | Sewer    | Offered knowledge of Shock by Vehumet.
  8271 | D:6      | Found Battez Kuvou's Weapon Shoppe.
  8303 | D:6      | Found Pouziug's Antique Armour Boutique.
  8426 | D:6      | Noticed Edmund
  8438 | D:6      | HP: 2/79 [Edmund/+6 flail of protection (17)]
  8439 | D:6      | Demolished by Edmund

Illustrated notes

Levels and vault maps discovered:
D:1:      dpeg_arrival_orchard, layout_basic
D:2:      layout_loops_corners, ebering_ecumenical_altar_box, serial_shops, shop
D:3:      layout_basic, nicolae_gozag_seed_capital, minmay_statues_item,
          goddamned_bats
D:4:      layout_gridville, serial_shops, nicolae_shop_overgrown_old_shop, shop,
          nicolae_shop_hallway_plus, nicolae_shop_advertising_works
          [nicolae_subvault_shop_adworks], minmay_pentangle
D:5:      layout_basic, minmay_temple_entry_tees, hangedman_decor_growths,
          uniq_pikel
D:6:      layout_basic, gup_sewer_entry_glass, serial_shops, shop, shop,
          nicolae_shop_stone, nicolae_shop_hallway_stairs, shop,
          kennysheep_flooded_box, uniq_edmund
Temple:   roderic_octagonal_lattice_temple

Skill      XL: |  1  2  3  4  5  6  7  8 |
---------------+-------------------------+-----
Conjurations   | 1 2 3 5 |  5.9
Fire Magic     | 3 4 5 |  5.9
Translocations | 1 2 |  2.0
Spellcasting   | 3 4 5 |  5.0
Fighting       | 3 4 |  4.3
Dodging        | |  1.7
Stealth        | |  1.4

Action                   |  1- 3 |  4- 6 |  7- 9 || total
-------------------------+-------+-------+-------++-------
Melee: Unarmed           |    14 |       |       ||    14
       Hand axe          |     5 |    16 |       ||    21
       War axe           |       |     5 |       ||     5
       Short sword       |       |       |     2 ||     2
       Spear             |       |       |    13 ||    13
 Cast: Foxfire           |    65 |   131 |   134 ||   330
       Scorch            |     5 |    22 |    36 ||    63
Evoke: Wand              |       |       |     3 ||     3
  Use: Potion            |     2 |       |     1 ||     3
       Scroll            |     1 |     1 |     3 ||     5
Armor: Robe              |    14 |    25 |    13 ||    52
Dodge: Dodged            |    19 |    26 |    16 ||    61

Table legend: (Time is in decaauts)
 A = Elapsed time spent in this place.
 B = Non-inter-level travel time spent in this place.
 C = Inter-level travel time spent in this place.
 D = Time resting spent in this place.
 E = Time spent auto-exploring this place.
 F = Levels seen in this place.
 G = Mean time per level.
                   A        B        C        D        E       F      G
               +--------+--------+--------+--------+--------+-----+--------+
         Total |   8534 |   8223 |    311 |   1845 |   5250 |   8 | 1066.8 |
       Dungeon |   7518 |   7247 |    271 |   1804 |   4486 |   6 | 1253.0 |
        Temple |    175 |    135 |     40 |      0 |    125 |   1 |  175.0 |
         Sewer |    840 |    840 |      0 |     41 |    639 |   1 |  840.0 |
               +--------+--------+--------+--------+--------+-----+--------+

Top non-repeatable levels by time:
     D:2: 1804 daAuts
     D:5: 1585 daAuts
     D:3: 1571 daAuts
     D:4: 1416 daAuts
   Sewer: 840 daAuts
     D:1: 637 daAuts
     D:6: 502 daAuts
  Temple: 175 daAuts
